 Dungeon Crawl Stone Soup version 0.31-a0-1522-g43313d8a59 (webtiles) character file.

Game seed: 1640640354108132489

102 hikkokomori the Digger (level 4, -1/26 HPs)
             Began as a Gargoyle Earth Elementalist on Dec 30, 2023.
             Slain by an orc wizard
             ... wielding a +0 dagger
              (4 damage)
             ... on level 2 of the Dungeon.
             The game lasted 00:03:27 (2262 turns).

hikkokomori the Digger (GrEE)                       Turns: 2262, Time: 00:03:28

Health: -1/26      AC:  6    Str: 12    XL:     4   Next: 78%
Magic:  8/8        EV: 11    Int: 17    God:
Gold:   60         SH:  0    Dex: 10    Spells: 7/8 levels left

rFire   . . .        h - +0 sling (flame)
rCold   . . .        (no shield)
rNeg    + . .        a - +1 robe
rPois   ∞            (no helmet)
rElec   +            (no cloak)
rCorr   .            (no gloves)
SInv    .            (no boots)
Will    .....        (no amulet)
Stlth   ++           (no ring)
HPRegen 0.24/turn    (no ring)
MPRegen 0.11/turn

%: no passive effects
@: no status effects
A: sickness immunity, AC +3, negative energy resistance 1, electricity
resistance, torment resistance 1, petrification resistance
a: no special abilities


You were on level 2 of the Dungeon.
You visited 1 branch of the dungeon, and saw 3 of its levels.

You collected 60 gold pieces.

Inventory:

Hand Weapons
 g - a +0 club
 h - a +0 sling of flaming (weapon)
Missiles
 j - 2 atropa-tipped darts
Armour
 a - a +1 robe (worn)
 d - a +0 helmet
Jewellery
 e - a ring of flight
Scrolls
 c - a scroll of identify
 i - a scroll of noise
Potions
 b - a potion of magic


   Skills:
 + Level 2.1 Fighting
 - Level 1.5 Dodging
 + Level 3.4 Stealth
 + Level 2.7 Spellcasting
 + Level 4.4 Earth Magic
 - Level 0.7 Alchemy


You had 7 spell levels left.
You knew the following spells:

 Your Spells              Type           Power      Damage    Failure   Level
a - Sandblast             Erth           34%        2d9       3%          1

Your spell library contained the following spells:

 Spells                   Type           Power      Damage    Failure   Level
 Passwall                 Erth           17%        N/A       9%          3
 Summon Small Mammal      Summ           8%         N/A       19%         1
 Stone Arrow              Conj/Erth      18%        3d8       22%         3
 Call Canine Familiar     Summ           2%         N/A       47%         3
 Ozocubu's Armour         Ice            2%         N/A       47%         3
 Petrify                  Alch/Erth      11%        N/A       52%         4
 Brom's Barrelling Bould  Conj/Erth      9%         2d3       58%         4
 Anguish                  Hex/Necr       1%         N/A       87%         4
 Cause Fear               Hex            1%         N/A       87%         4
 Summon Blazeheart Golem  Fire/Summ      2%         N/A       87%         4
 Metabolic Englaciation   Hex/Ice        1%         N/A       99%         5
 Sculpt Simulacrum        Ice/Alch       1%         N/A       100%        6
 Enfeeble                 Hex            1%         N/A       100%        7


Dungeon Overview and Level Annotations

Branches:
Dungeon (3/15)

Altars:
The Shining One


Innate Abilities, Weirdness & Mutations

You are immune to sickness and miasma.
Your stone body is resilient. (AC +3)
You are immune to poison.
You resist negative energy. (rN+)
You are resistant to electric shocks. (rElec)
You are resistant to unholy torment.
You are immune to petrification.


Message History

You resist with some effort.
It was a potion of cancellation.
You feel magically purged.
The orc wizard hits you but does no damage.
You shoot a sling bullet.
The sling bullet hits the orc wizard but does no damage.
The orc wizard misses you.
You shoot a sling bullet.
The sling bullet barely misses the orc wizard.
The orc wizard hits you but does no damage. x2
You shoot a sling bullet.
The sling bullet closely misses the orc wizard.
The orc wizard hits you with a +0 dagger.
* * * LOW HITPOINT WARNING * * *
You shoot a sling bullet.
The sling bullet closely misses the orc wizard.
The orc wizard gestures at you while chanting.
You are confused.
The orc wizard hits you with a +0 dagger.
* * * LOW HITPOINT WARNING * * *
You closely miss the orc wizard.
The orc wizard points at you and mumbles some strange words.
You resist with some effort.
Okay, then.
You bump into the rock wall.
The orc wizard hits you but does no damage.
You miss the orc wizard.
The orc wizard hits you with a +0 dagger.
* * * LOW HITPOINT WARNING * * *
The orc wizard gestures wildly while chanting.
The orc wizard flickers and vanishes!
Deactivating autopickup; reactivate with Ctrl-A.
You are too confused!
You're too confused to move!
Something hits you but does no damage.
You barely miss something.
You feel less confused. Something hits you but does no damage.
You shoot a sling bullet. Something hits you but does no damage.
You shoot a sling bullet. Something hits you but does no damage.
Something hits you.
You die...

### #####
######.###.#.#
#..@{......#.#
#.####.#.#.).# #
#.#.#.#.#
#†#.#.#.#######
......#.......#
..#.###.......#
..##.#...#.._..#
#. #.#.###.....#
#) #.#..........


There were no monsters in sight!

Vanquished Creatures
  Robin (D:3)
  An adder (D:2)
  A gnoll (D:1)
  A dart slug (D:1)
  2 ribbon worms
  5 orcs
  4 bats
  2 endoplasms (D:1)
  10 goblins
  10 hobgoblins
  7 jackals
  A quokka (D:1)
  2 ball pythons (D:1)
  4 frilled lizards
  3 kobolds
  2 rats
56 creatures vanquished.

Notes
Turn   | Place    | Note
-------+----------+-------------------------------------------
     0 | D:1      | hikkokomori the Gargoyle Earth Elementalist began the quest
                  | for the Orb.
     0 | D:1      | Reached XP level 1. HP: 10/10 MP: 3/3
   250 | D:1      | Reached XP level 2. HP: 6/16 MP: 1/5
   551 | D:1      | Found a faded altar of an unknown god.
   768 | D:1      | Reached skill level 1 in Fighting
   768 | D:1      | Reached skill level 4 in Earth Magic
   864 | D:1      | Reached XP level 3. HP: 20/20 MP: 3/6
  1762 | D:2      | Reached XP level 4. HP: 22/26 MP: 7/7
  1829 | D:2      | You fall into a shaft and drop 1 floor!
  1875 | D:3      | Noticed Robin
  1908 | D:3      | Killed Robin
  2189 | D:2      | Found a glowing golden altar of the Shining One.
  2262 | D:2      | Slain by an orc wizard

Illustrated notes

Levels and vault maps discovered:
D:1:      mrwooster_arrival_statue_3, layout_loops_corners,
          shapermc_ecumenical_altar_notcrosses
D:2:      layout_basic, basic_altar, patterned_corridor
D:3:      layout_basic, serial_shops, nicolae_shop_getting_attention,
          grunt_ministairs_7, uniq_robin

Skill      XL: |  1  2  3  4 |
---------------+-------------+-----
Fighting       | 1 2 |  2.1
Earth Magic    | 4 |  4.4
Stealth        | 3 |  3.4
Dodging        | |  1.5
Spellcasting   | |  2.7
Alchemy        | |  0.7

Action                     |  1- 3 |  4- 6 || total
---------------------------+-------+-------++-------
  Melee: Unarmed           |     3 |       ||     3
         Club              |    21 |       ||    21
         Sling             |       |     3 ||     3
   Fire: Sling             |    42 |    86 ||   128
   Cast: Sandblast         |    24 |       ||    24
    Use: Scroll            |       |     3 ||     3
         Potion            |       |     1 ||     1
 Armour: Robe              |    49 |    66 ||   115
  Dodge: Dodged            |    48 |    39 ||    87

Table legend: (Time is in decaauts)
 A = Elapsed time spent in this place.
 B = Non-inter-level travel time spent in this place.
 C = Inter-level travel time spent in this place.
 D = Time resting spent in this place.
 E = Time spent auto-exploring this place.
 F = Levels seen in this place.
 G = Mean time per level.
                   A        B        C        D        E       F      G
               +--------+--------+--------+--------+--------+-----+--------+
         Total |   2331 |   2259 |     72 |    185 |   1644 |   3 |  777.0 |
       Dungeon |   2331 |   2259 |     72 |    185 |   1644 |   3 |  777.0 |
               +--------+--------+--------+--------+--------+-----+--------+

Top non-repeatable levels by time:
     D:1: 1138 daAuts
     D:2: 853 daAuts
     D:3: 339 daAuts
